 Dungeon Sprint DCSS version 0.17-a0-1133-gfb1399f (webtiles) character file.

247 esc the Martial Artist (level 6, -1/38 HPs)
             Began as an Octopode Transmuter on May 25, 2015.
             Splashed by a jelly's acid (17 damage)
             ... in the Dungeon (Sprint I: "Red Sonja").
             The game lasted 00:01:44 (672 turns).

esc the Martial Artist (Octopode Transmuter)         Turns: 672, Time: 00:01:44

Health: -1/38      AC: -3    Str:  9    XL:     6   Next: 11%
Magic:  6/9        EV: 20    Int: 17    God:
Gold:   162        SH:  0    Dex: 18    Spells: 3 memorised, 3 levels left

rFire  . . .     SeeInvis .       - Unarmed
rCold  . . .     Clarity  .     (shield currently unavailable)
rNeg   . . .     SustAt   .     (helmet currently unavailable)
rPois  x         Gourm    .     (no amulet)
rElec  .         Spirit   .     (no ring)
rCorr  .         Warding  .     (no ring)
rMut   .         NoTele   +     (no ring)
MR     .....                    (no ring)
Stlth  ++........               (no ring)
                                (no ring)
                                (no ring)
                                (no ring)

@: spider-form, corroded equipment, not resistant to hostile enchantments,
unstealthy
A: almost no armour, amphibious, 8 rings, (constrict 8), (camouflage 0),
(gelatinous body 0)
a: End Transformation


You were in the Dungeon.
You were not hungry.
You were a venomous arachnid creature.
You visited 1 branch You collected 162 gold pieces.

Inventory:

Missiles
 a - 8 arrows
Scrolls
 i - a scroll of blinking {!r}
Potions
 d - a potion of curing
 e - a potion of heal wounds
 f - a potion of haste
 g - 2 potions of magic
 h - a potion of berserk rage {!q}
Books
 b - a book of Changes
Comestibles
 c - a bread ration {@e1}
 k - 3 chunks of flesh {@w0}


   Skills:
 - Level 1.0 Fighting
 - Level 2.0 Dodging
 + Level 9.1 Unarmed Combat
 - Level 2.0 Spellcasting
 + Level 8.9 Transmutations


You had 3 spell levels left.
You knew the following spells:

 Your Spells              Type           Power        Failure   Level  Hunger
a - Beastly Appendage     Trmt           ####..       4%          1    #......
c - Spider Form           Trmt/Pois      ###.......   28%         3    ###....
s - Sticks to Snakes      Trmt           ####......   4%          2    ###....


Dungeon Overview and Level Annotations

Branches:
Dungeon (1/1)

Altars:
Sif Muna
Vehumet


Innate Abilities, Weirdness & Mutations

You cannot wear most types of armour.
You are amphibious.
You can wear up to eight rings at the same time.
((You can use your tentacles to constrict eight enemies at once.))
((Your skin changes colour to match your surroundings (Stealth).))
((Your rubbery body absorbs attacks (AC +1).))


Message History

You take 15 damage, and have 8/23 hp.
MASSIVE DAMAGE!!
You bludgeon the ogre!
You kill the ogre!
Your Unarmed Combat skill increases to level 6!
Your Transmutations skill gained 2 levels and is now at level 6!
You have reached level 4!
You see here a giant spiked club.
There is an open door, spattered with blood here.
You see here a club.
There is an open door here.
You open the door.
There is an open door here.
You now have 27 gold pieces.
You now have 54 gold pieces (gained 27).
You swap places.
There is an open door here.
Memorise Spider Form, consuming 3 spell levels and leaving 1?
You start memorising the spell.
You continue memorising.
Your ball python withers and dies!
You continue memorising. x2
You finish memorising.
Spell assigned to 'c'.
You start resting.
Health restored: 28; MP restored: 7
Casting: Sticks to Snakes You turn into a venomous arachnid creature.
You now have 4/7 mp.
As you open the door, it creaks loudly!
Sigmund the Dreaded comes into view.
He is wielding a scythe of slicing.
Sigmund shouts!
Your transformation is almost over.
Sigmund misses you.
There is an open door here.
You hit Sigmund. Sigmund misses you.
You hit Sigmund.
Sigmund is poisoned.
You bite Sigmund!
Sigmund looks even sicker.
Sigmund casts a spell.
Sigmund flickers and vanishes!
Deactivating autopickup; reactivate with Ctrl-A.
You barely miss something. Something hits you!
Ouch! That really hurt!
You take 18 damage, and have 10/28 hp.
MASSIVE DAMAGE!!
You closely miss something. You hit something. Something closely misses you.
You hit something. You closely miss something.
Reactivating autopickup.
Your Unarmed Combat skill gained 3 levels and is now at level 9!
Your Transmutations skill gained 2 levels and is now at level 8!
You have reached level 5!
You feel agile.
You have reached level 6!
Your experience leads to an increase in your attributes!
Your base attributes are Str 9, Int 16, Dex 13.
Increase (S)trength, (I)ntelligence, or (D)exterity?
You feel clever.
You feel a bit more experienced.
You regained 2 hp, and now have 12/38 hp.
j - a scythe of slicing
Things that are here:
a robe; the human corpse of Sigmund You butcher the human corpse of Sigmund.
Your transformation has ended.
k - 3 chunks of flesh {@w0}
Things that are here:
a robe; the human skeleton of Sigmund You drop 3 chunks of flesh {@w0}.
Things that are here:
3 chunks of flesh {@w0}; a robe; the human skeleton of Sigmund
k - 3 chunks of flesh {@w0} Drop what? 11/52 slots (_ for help) (? for menu, Esc to quit)
You drop a scythe of slicing.
You open the door.
There is an open door here.
You now have 81 gold pieces (gained 27).
You now have 108 gold pieces (gained 27).
You now have 135 gold pieces (gained 27).
You now have 162 gold pieces (gained 27).
Okay, then.
You start resting.
Health restored: 38; MP restored: 9 You open the door.
Found a pair of gloves and a robe.
Found a deep blue altar of Sif Muna.
A jelly comes into view.
There is an open door here.
Found a radiant altar of Vehumet.
You see here a pair of gloves.
You see here a robe.
You turn into a venomous arachnid creature.
You now have 6/9 mp.
You hit the jelly.
The jelly is poisoned.
The acid corrodes your equipment!
Your front legs burn!
The jelly hits you.
You are splashed with acid!
The acid burns!
You take 16 damage, and have 22/38 hp.
MASSIVE DAMAGE!!
You bite the jelly!
Your front legs burn!
The jelly hits you.
You are splashed with acid!
The acid burns!
You die...

################
#<.#.)'..#..'..#
#..'..#..').#..+
#..#####'#####'#
#..# #..# #[#
#.)# #### #s#
#..# #.J+ #⌠⌠#
..._# ####
#_.#+# ##+


You could see a jelly.

Vanquished Creatures
  Sigmund (D)
  An ogre (D)
  Ijyb (D)
3 creatures vanquished.

Notes
Turn   | Place    | Note
--------------------------------------------------------------
     0 | D        | esc the Octopode Transmuter began the quest for the Orb.
     0 | D        | Reached XP level 1. HP: 13/13 MP: 3/3
     2 | D        | Noticed Ijyb
    13 | D        | Killed Ijyb
    13 | D        | Reached skill level 5 in Unarmed Combat
    13 | D        | Reached skill level 4 in Transmutations
    13 | D        | Reached XP level 2. HP: 8/18 MP: 3/5
    13 | D        | Reached XP level 3. HP: 10/23 MP: 3/6
   200 | D        | Learned a level 2 spell: Sticks to Snakes
   202 | D        | Noticed an ogre
   230 | D        | Killed an ogre
   230 | D        | Reached skill level 6 in Unarmed Combat
   230 | D        | Reached skill level 6 in Transmutations
   230 | D        | Reached XP level 4. HP: 9/28 MP: 0/7
   251 | D        | Learned a level 3 spell: Spider Form
   442 | D        | Noticed Sigmund
   451 | D        | Killed Sigmund
   451 | D        | Reached skill level 9 in Unarmed Combat
   451 | D        | Reached skill level 8 in Transmutations
   451 | D        | Reached XP level 5. HP: 11/33 MP: 5/8
   451 | D        | Reached XP level 6. HP: 12/38 MP: 5/9
   666 | D        | Found a deep blue altar of Sif Muna.
   667 | D        | Noticed a jelly
   668 | D        | Found a radiant altar of Vehumet.
   672 | D        | Splashed by a jelly's acid

Vault maps used:
D:        dungeon_sprint_1

Action                   |  1- 3 |  4- 6 || total
-------------------------+-------+-------++-------
Melee: Unarmed           |    12 |    10 ||    22
 Cast: Beastly Appendage |     1 |       ||     1
       Sticks to Snakes  |     4 |       ||     4
       Spider Form       |       |     2 ||     2
 Stab: Sleeping          |     1 |       ||     1

Vault maps used:
D:        dungeon_sprint_1

Table legend:
 A = Turns spent in this place as a percentage of turns spent in the entire game.
 B = Non-inter-level travel turns spent in this place as a percentage of non-inter-level travel turns spent in the entire game.
 C = Inter-level travel turns spent in this place as a percentage of turns spent in this place.
 D = Turns resting spent in this place as a percentage of non-inter-level travel turns spent in this place.
 E = Turns spent auto-exploring this place as a percentage of non-inter-level travel turns spent in this place.
 F = Non-inter-level travel turns spent in this place divided by the number of levels of this place that you've seen.
                   A       B       C       D       E      F
               +-------+-------+-------+-------+-------+----------------------
         Total | 100.0 | 100.0 |   0.0 |   6.6 |   0.0 | 106.0
       Dungeon | 100.0 | 100.0 |   0.0 |   6.6 |   0.0 | 106.0
               +-------+-------+-------+-------+-------+----------------------

Table legend:
 A = Kills in this place as a percentage of kills in entire the game.
 B = Kills by you in this place as a percentage of kills by you in the entire game.
 C = Kills by friends in this place as a percentage of kills by friends in the entire game.
 D = Other kills in this place as a percentage of other kills in the entire game.
 E = Experience gained in this place as a percentage of experience gained in the entire game.
 F = Experience gained in this place divided by the number of levels of this place that you have seen.
                   A       B       C       D       E      F
               +-------+-------+-------+-------+-------+----------------------
         Total | 100.0 | 100.0 |  -nan |  -nan | 100.0 | 354.0
       Dungeon | 100.0 | 100.0 |  -nan |  -nan | 100.0 | 354.0
               +-------+-------+-------+-------+-------+----------------------
